WCHLSIM.com - West Coast Hockey League
html PUBLIC "-//W3C//DTD XHTML 1.0 Transitional//EN" "http://www.w3.org/TR/xhtml1/DTD/xhtml1-transitional.dtd"> WCHL - Game 158 - LONG BEACH BARACUDAS vs CALGARY FIREMEN

LONG BEACH BARACUDAS vs CALGARY FIREMEN

Created - 4 novembre 2022 at 21:48

Goals
1 2 3 T
LONG BEACH BARACUDAS 4 0 2 6
CALGARY FIREMEN 0 1 2 3
Shots
1 2 3 T
LONG BEACH BARACUDAS 11 10 12 33
CALGARY FIREMEN 4 11 10 25

1st period

1. LONG BEACH BARACUDAS , Brock Nelson 6 (Alex Pietrangelo 6, Taylor Hall 8) at 0:22
2. LONG BEACH BARACUDAS , Brock McGinn 1 (Robert Fabbri 1, Nicklas Backstrom 2) at 7:12
3. LONG BEACH BARACUDAS , Nicklas Backstrom 2 (Brock McGinn 1) at 13:51
4. LONG BEACH BARACUDAS , Derek Stepan 1 (Alex Pietrangelo 7) at 19:54

Penalties :
Mitch Reinke (LOB) for Hooking (Minor) at 0:54, Arthur Kaliyev (LOB) for Slashing (Minor) at 9:40, Robert Fabbri (LOB) for Roughing (Minor) at 15:06, Jack Drury (CGY) for Interference (Minor) at 17:30

2nd period

5. CALGARY FIREMEN , Jake McCabe 1 (Filip Forsberg 9, Ryan Johansen 9) at 5:35

Penalties :
Jake McCabe (CGY) for Hooking (Minor) at 6:53

3rd period

6. LONG BEACH BARACUDAS , Arthur Kaliyev 2 (Alex Pietrangelo 8, William Karlsson 7) at 2:27
7. CALGARY FIREMEN , Jakob Silfverberg 1 (Filip Forsberg 10, Ryan Johansen 10) at 7:49
8. LONG BEACH BARACUDAS , Brock Nelson 7 (Taylor Hall 9, Seth Jarvis 5) at 16:27
9. CALGARY FIREMEN , Andreas Athanasiou 2 (Adam Henrique 4) at 16:31

Penalties :
No Penalty

Goalie Stats

Martin Jones (LOB), 22 saves from 25 shots - (0,880), W, 2-1-0, 60:00 minutes
Carey Price (CGY), 7 saves from 11 shots - (0,636), L, 0-1-0, 19:54 minutes
Vitek Vanecek (CGY), 20 saves from 22 shots - (0,909), 40:06 minutes

Players Stats for LONG BEACH BARACUDAS

Player Name              G  A  P  +/- PIM S  H  SB GA TA FO     MP     PP MP  PK MP  
------------------------------------------------------------------------------------
Alex Pietrangelo         0  3  3   1  0   1  0  0  0  0  0/0    19:55   1:45   0:50 
Arthur Kaliyev           1  0  1  -1  2   2  0  0  0  0  0/0    16:27   0:18   0:14 
Boris Katchouk           0  0  0   1  0   0  0  0  0  0  1/1     4:56   0:00   0:00 
Brock McGinn             1  1  2   1  0   2  2  0  0  0  0/1    11:10   0:00   0:00 
Brock Nelson             2  0  2   2  0   4  0  0  0  0  10/18  19:48   1:45   0:00 
Craig Smith              0  0  0  -1  0   2  0  0  0  0  0/3    20:15   2:13   2:06 
Derek Stepan             1  0  1   1  0   7  0  0  0  0  8/14    8:16   0:00   3:20 
Derrick Pouliot          0  0  0   1  0   0  1  0  0  0  0/0    15:35   0:00   2:18 
Jared Spurgeon           0  0  0   1  0   1  2  0  0  0  0/0    22:35   0:00   3:23 
Mitch Reinke             0  0  0   1  2   0  2  0  0  0  0/0    20:15   2:13   1:00 
Nicklas Backstrom        1  1  2   1  0   2  0  0  0  0  9/14   13:26   1:45   0:31 
Nolan Patrick            0  0  0   0  0   0  0  0  0  0  1/2     2:06   0:00   2:06 
P.K. Subban              0  0  0   1  0   0  1  1  0  0  0/0    18:13   2:13   2:27 
Robert Fabbri            0  1  1   2  2   1  1  0  0  0  0/2    20:18   1:45   2:28 
Ryan Murray              0  0  0   1  0   0  1  0  0  0  0/0    21:41   0:00   1:56 
Seth Jarvis              0  1  1   2  0   1  1  0  0  0  0/0    19:48   1:45   0:00 
Taylor Hall              0  2  2   2  0   5  1  0  0  0  0/1    21:07   1:55   1:09 
William Karlsson         0  1  1  -1  0   5  0  0  0  0  11/22  18:09   2:13   0:00 

Players Stats for CALGARY FIREMEN

Player Name              G  A  P  +/- PIM S  H  SB GA TA FO     MP     PP MP  PK MP  
------------------------------------------------------------------------------------
Adam Henrique            0  1  1  -1  0   0  3  1  0  0  11/22  19:19   3:00   0:00 
Alex Goligoski           0  0  0   1  0   0  0  0  0  0  0/0    21:19   3:07   1:55 
Andreas Athanasiou       1  0  1  -1  0   1  2  0  0  0  0/1    19:16   2:57   0:00 
Brett Howden             0  0  0  -1  0   0  0  1  0  0  2/6     5:50   0:00   1:51 
Filip Forsberg           0  2  2   0  0   7  3  0  0  0  1/1    20:10   2:57   0:00 
Gustav Forsling          0  0  0  -1  0   0  1  1  0  0  0/0    23:28   2:50   0:47 
Gustav Lindstrom         0  0  0  -3  0   1  1  0  0  0  0/0    15:54   0:00   1:57 
Jack Drury               0  0  0  -1  2   2  2  0  0  0  5/15   13:36   0:00   1:03 
Jake McCabe              1  0  1   0  2   2  1  1  0  0  0/0    20:37   3:07   1:02 
Jakob Silfverberg        1  0  1   0  0   2  1  1  0  0  0/2    22:20   3:00   2:07 
Marc-Edouard Vlasic      0  0  0  -3  0   0  0  0  0  0  0/0    16:27   0:15   2:15 
Mattias Janmark-Nylen    0  0  0  -1  0   0  0  0  0  0  0/1    12:34   0:00   0:00 
Oskar Lindblom           0  0  0  -1  0   1  1  0  0  0  1/3     4:35   0:00   0:36 
Ryan Johansen            0  2  2   0  0   6  0  0  0  0  16/25  20:10   2:57   0:00 
Sam Gagner               0  0  0  -1  0   2  0  0  0  0  2/2    13:02   0:00   0:28 
Shayne Gostisbehere      0  0  0   0  0   1  1  0  0  0  0/0    22:14   2:35   0:00 
Sonny Milano             0  0  0  -1  0   0  0  0  0  0  0/0    19:19   3:00   0:00 
Yakov Trenin             0  0  0  -1  0   0  0  0  0  0  0/0     5:50   0:00   1:51 

3 Stars

1 - Brock Nelson (LOB)
2 - Brock McGinn (LOB)
3 - Nicklas Backstrom (LOB)

Power Play

LONG BEACH BARACUDAS - 0 on 2 Attempt(s) - 0,00%
CALGARY FIREMEN - 0 on 3 Attempt(s) - 0,00%

Penalty Kill

LONG BEACH BARACUDAS - 3 on 3 Attempt(s) - 100,00% - Score 0 goal in Penalty Kill
CALGARY FIREMEN - 2 on 2 Attempt(s) - 100,00% - Score 0 goal in Penalty Kill

Team Stat

LONG BEACH BARACUDAS - Hits : 12 - Faceoff Wins : 40 - Blocked Shots : 1 - Penalty Minutes : 6
CALGARY FIREMEN - Hits : 16 - Faceoff Wins : 38 - Blocked Shots : 5 - Penalty Minutes : 4

Official

Referees : Mike Sheehan and Jake Brenk
Linesman : Jesse Marquis and Brendan Lewis

Game Notes

Vitek Vanecek enters game at 19:54 of 1st period

Finance

Level 1 -- Attendance: 6000 (100,00%) -- Ticket Income 870 000 $
Level 2 -- Attendance: 5000 (100,00%) -- Ticket Income 550 000 $
Level 3 -- Attendance: 2893 (96,43%) -- Ticket Income 173 580 $
Level 4 -- Attendance: 4533 (90,66%) -- Ticket Income 267 447 $
Luxury Box -- Attendance: 941 (94,10%) -- Ticket Income 272 890 $
Game was played at the Larouche Stadium.
Total Attendance: 19367 (96,84%)
Total Ticket Income: 2 133 917 $
Other Expense: 21 339 $
Total Income: 2 112 578 $

LONG BEACH BARACUDAS

5 vs 5 Forward 
   Center                   Left Wing                Right Wing               Time % Phy DF OF 
 1 Brock Nelson             Taylor Hall              Seth Jarvis              36     0   2  3  
 2 William Karlsson         Arthur Kaliyev           Craig Smith              31     0   2  3  
 3 Nicklas Backstrom        Robert Fabbri            Brock McGinn             23     0   3  2  
 4 Derek Stepan             Boris Katchouk           Robert Fabbri            10     0   4  1  

5 vs 5 Defense 
   Defense                  Defense                                           Time % Phy DF OF 
 1 Alex Pietrangelo         Ryan Murray                                       36     0   3  2  
 2 Jared Spurgeon           Mitch Reinke                                      31     0   3  2  
 3 Derrick Pouliot          P.K. Subban                                       23     0   4  1  
 4 Ryan Murray              Jared Spurgeon                                    10     0   4  1  

PowerPlay Forward 
   Center                   Left Wing                Right Wing               Time % Phy DF OF 
 1 William Karlsson         Taylor Hall              Craig Smith              55     0   0  5  
 2 Brock Nelson             Robert Fabbri            Seth Jarvis              45     0   0  5  

PowerPlay Defense
   Defense                  Defense                                           Time % Phy DF OF 
 1 Alex Pietrangelo         Nicklas Backstrom                                 55     0   0  5  
 2 P.K. Subban              Mitch Reinke                                      45     0   0  5  

Penalty Kill 4 Players Forward 
   Center                   Wing                     Time % Phy DF OF 
 1 Derek Stepan             Robert Fabbri            55     0   5  0  
 2 Nolan Patrick            Craig Smith              45     0   5  0  

Penalty Kill 4 Players Defense
   Defense                  Defense                  Time % Phy DF OF 
 1 P.K. Subban              Jared Spurgeon           55     0   5  0  
 2 Derrick Pouliot          Ryan Murray              45     0   5  0  

Penalty Kill - 3 Players Forward 
   Forward                                           Time % Phy DF OF 
 1 Nicklas Backstrom                                 55     0   5  0  
 2 Brock Nelson                                      45     0   5  0  

Penalty Kill - 3 Players Defense
   Defense                  Defense                  Time % Phy DF OF 
 1 Mitch Reinke             Jared Spurgeon           55     0   5  0  
 2 P.K. Subban              Ryan Murray              45     0   5  0  

4 vs 4 Forward 
   Center                   Wing                     Time % Phy DF OF 
 1 Nolan Patrick            Boris Katchouk           55     0   2  3  
 2 Nicklas Backstrom        Robert Fabbri            45     0   2  3  

4 vs 4 Defense
   Defense                  Defense                  Time % Phy DF OF 
 1 Alex Pietrangelo         Jared Spurgeon           55     0   2  3  
 2 Jared Spurgeon           Ryan Murray              45     0   2  3  

Last Minutes Offensive
   Center                   Left Wing                Right Wing               Defense                  Defense                  
   William Karlsson         Taylor Hall              Craig Smith              Alex Pietrangelo         Jared Spurgeon           

Last Minutes Defensive
   Center                   Left Wing                Right Wing               Defense                  Defense                  
   William Karlsson         Arthur Kaliyev           Craig Smith              Alex Pietrangelo         Jared Spurgeon           

Goaltenders
Starting : Martin Jones             
Backup : Jake Oettinger           

Extra Forwards
Normal : Nicklas Backstrom, Robert Fabbri, Derek Stepan - PP : Nicklas Backstrom, Robert Fabbri - PK : Craig Smith
Extra Defensemen
Normal : Derrick Pouliot, Mitch Reinke, P.K. Subban - PP : Derrick Pouliot - PK : Mitch Reinke, P.K. Subban
Penalty Shots
William Karlsson, Brock Nelson, Taylor Hall, Seth Jarvis, Nicklas Backstrom
Custom OT Lines Forwards
William Karlsson, Brock Nelson, Taylor Hall, Seth Jarvis, Nicklas Backstrom, Arthur Kaliyev, Derek Stepan, Craig Smith, Robert Fabbri, Brock McGinn
Custom OT Lines Defensemen
Alex Pietrangelo, Jared Spurgeon, P.K. Subban, Ryan Murray, Derrick Pouliot

Scratches
Alexandre Texier (Torn Right ACL Injury), Jaden Schwartz (Abdomen/Ribs Injury)

CALGARY FIREMEN

5 vs 5 Forward 
   Center                   Left Wing                Right Wing               Time % Phy DF OF 
 1 Ryan Johansen            Jakob Silfverberg        Filip Forsberg           33     0   1  4  
 2 Adam Henrique            Sonny Milano             Andreas Athanasiou       32     0   2  3  
 3 Jack Drury               Mattias Janmark-Nylen    Sam Gagner               25     1   2  2  
 4 Brett Howden             Yakov Trenin             Oskar Lindblom           10     1   2  2  

5 vs 5 Defense 
   Defense                  Defense                                           Time % Phy DF OF 
 1 Gustav Forsling          Jake McCabe                                       33     1   1  3  
 2 Alex Goligoski           Shayne Gostisbehere                               32     1   1  3  
 3 Marc-Edouard Vlasic      Gustav Lindstrom                                  25     1   2  2  
 4 Gustav Forsling          Shayne Gostisbehere                               10     1   3  1  

PowerPlay Forward 
   Center                   Left Wing                Right Wing               Time % Phy DF OF 
 1 Ryan Johansen            Filip Forsberg           Andreas Athanasiou       50     0   0  5  
 2 Adam Henrique            Sonny Milano             Jakob Silfverberg        50     0   0  5  

PowerPlay Defense
   Defense                  Defense                                           Time % Phy DF OF 
 1 Gustav Forsling          Shayne Gostisbehere                               50     1   1  3  
 2 Alex Goligoski           Jake McCabe                                       50     1   1  3  

Penalty Kill 4 Players Forward 
   Center                   Wing                     Time % Phy DF OF 
 1 Jack Drury               Jakob Silfverberg        50     0   5  0  
 2 Brett Howden             Yakov Trenin             50     0   5  0  

Penalty Kill 4 Players Defense
   Defense                  Defense                  Time % Phy DF OF 
 1 Marc-Edouard Vlasic      Gustav Lindstrom         70     1   4  0  
 2 Alex Goligoski           Jake McCabe              30     1   4  0  

Penalty Kill - 3 Players Forward 
   Forward                                           Time % Phy DF OF 
 1 Jakob Silfverberg                                 50     0   5  0  
 2 Sam Gagner                                        50     0   5  0  

Penalty Kill - 3 Players Defense
   Defense                  Defense                  Time % Phy DF OF 
 1 Marc-Edouard Vlasic      Gustav Lindstrom         50     0   5  0  
 2 Alex Goligoski           Jake McCabe              50     0   5  0  

4 vs 4 Forward 
   Center                   Wing                     Time % Phy DF OF 
 1 Ryan Johansen            Filip Forsberg           50     1   1  3  
 2 Adam Henrique            Sonny Milano             50     1   1  3  

4 vs 4 Defense
   Defense                  Defense                  Time % Phy DF OF 
 1 Gustav Forsling          Shayne Gostisbehere      50     1   1  3  
 2 Alex Goligoski           Jake McCabe              50     1   1  3  

Last Minutes Offensive
   Center                   Left Wing                Right Wing               Defense                  Defense                  
   Ryan Johansen            Adam Henrique            Filip Forsberg           Gustav Forsling          Shayne Gostisbehere      

Last Minutes Defensive
   Center                   Left Wing                Right Wing               Defense                  Defense                  
   Adam Henrique            Filip Forsberg           Jakob Silfverberg        Gustav Forsling          Alex Goligoski           

Goaltenders
Starting : Carey Price              
Backup : Vitek Vanecek            

Extra Forwards
Normal : Brett Howden, Sonny Milano, Oskar Lindblom - PP : Brett Howden, Sonny Milano - PK : Oskar Lindblom
Extra Defensemen
Normal : Marc-Edouard Vlasic, Gustav Lindstrom, Alex Goligoski - PP : Marc-Edouard Vlasic - PK : Gustav Lindstrom, Alex Goligoski
Penalty Shots
Filip Forsberg, Ryan Johansen, Adam Henrique, Sonny Milano, Andreas Athanasiou
Custom OT Lines Forwards
Filip Forsberg, Ryan Johansen, Adam Henrique, Andreas Athanasiou, Jakob Silfverberg, Sonny Milano, Sam Gagner, Oskar Lindblom, Yakov Trenin, Jack Drury
Custom OT Lines Defensemen
Gustav Forsling, Shayne Gostisbehere, Alex Goligoski, Jake McCabe, Marc-Edouard Vlasic

Scratches
None


% Time on Ice - LONG BEACH BARACUDAS

Lines # - Real PCT - Wanted PCT - Time Play
Normal Forward
1 - 36% - 36% - 18:03
2 - 32% - 31% - 15:56
3 - 22% - 23% - 11:10
4 - 10% - 10% - 4:56
Normal Defense
1 - 34% - 36% - 16:55
2 - 34% - 31% - 17:03
3 - 27% - 23% - 13:17
4 - 6% - 10% - 2:50
PP Forward
1 - 56% - 55% - 2:13
2 - 44% - 45% - 1:45
PP Defense
1 - 44% - 55% - 1:45
2 - 56% - 45% - 2:13
PK Forward
1 - 65% - 55% - 3:51
2 - 35% - 45% - 2:06
PK Defense
1 - 57% - 55% - 3:23
2 - 43% - 45% - 2:34
PK3 Forward
1 - 0% - 55%
2 - 0% - 45%
PK3 Defense
1 - 0% - 55%
2 - 0% - 45%
44 Forward
1 - 0% - 55%
2 - 0% - 45%
44 Defense
1 - 0% - 55%
2 - 0% - 45%
Last Minute Offensive  - 0:00
Last Minute Defensive  - 0:00
Total
Forward - 60:00
Defense - 60:00

% Time on Ice - CALGARY FIREMEN

Lines # - Real PCT - Wanted PCT - Time Play
Normal Forward
1 - 34% - 33% - 17:13
2 - 33% - 32% - 16:19
3 - 25% - 25% - 12:34
4 - 8% - 10% - 3:59
Normal Defense
1 - 33% - 33% - 16:29
2 - 33% - 32% - 16:17
3 - 28% - 25% - 13:57
4 - 7% - 10% - 3:22
PP Forward
1 - 50% - 50% - 2:57
2 - 50% - 50% - 3:00
PP Defense
1 - 48% - 50% - 2:50
2 - 52% - 50% - 3:07
PK Forward
1 - 53% - 50% - 2:07
2 - 47% - 50% - 1:51
PK Defense
1 - 32% - 70% - 1:17
2 - 68% - 30% - 2:41
PK3 Forward
1 - 0% - 50%
2 - 0% - 50%
PK3 Defense
1 - 0% - 50%
2 - 0% - 50%
44 Forward
1 - 0% - 50%
2 - 0% - 50%
44 Defense
1 - 0% - 50%
2 - 0% - 50%
Last Minute Offensive  - 0:00
Last Minute Defensive  - 0:00
Total
Forward - 60:00
Defense - 60:00

Play-by-Play

1st period


0:01 of 1st period - Filip Forsberg wins face-off versus Brock Nelson in neutral zone.
0:05 of 1st period - Jakob Silfverberg is hit by Ryan Murray and loses puck.
0:20 of 1st period - Shot by Taylor Hall.
0:20 of 1st period - Shot Misses the Net.
0:22 of 1st period - Shot by Alex Pietrangelo.
0:22 of 1st period - Deflect By Brock Nelson.
0:22 of 1st period - Goal by Brock Nelson - LONG BEACH BARACUDAS : 1 - CALGARY FIREMEN : 0.
0:23 of 1st period - Adam Henrique wins face-off versus William Karlsson in neutral zone.
0:30 of 1st period - Shot by William Karlsson.
0:30 of 1st period - Deflect By Craig Smith.
0:30 of 1st period - Stopped by Carey Price with a rebound.
0:54 of 1st period - Minor Penalty to Mitch Reinke for Hooking.
0:55 of 1st period - Ryan Johansen wins face-off versus Derek Stepan in LONG BEACH BARACUDAS zone.
0:58 of 1st period - Shot by Shayne Gostisbehere.
0:58 of 1st period - Shot Misses the Net.
1:00 of 1st period - Shot by Filip Forsberg.
1:00 of 1st period - Stopped by Martin Jones without a rebound.
1:01 of 1st period - Derek Stepan wins face-off versus Adam Henrique in LONG BEACH BARACUDAS zone.
1:20 of 1st period - Icing by Sonny Milano.
1:21 of 1st period - Derek Stepan wins face-off versus Adam Henrique in CALGARY FIREMEN zone.
1:34 of 1st period - Shot by Alex Goligoski.
1:34 of 1st period - Shot Misses the Net.
2:14 of 1st period - Shot by Robert Fabbri.
2:14 of 1st period - Stopped by Carey Price without a rebound.
2:15 of 1st period - Nolan Patrick wins face-off versus Ryan Johansen in CALGARY FIREMEN zone.
2:16 of 1st period - Shot by Craig Smith.
2:16 of 1st period - Deflect By Nolan Patrick.
2:16 of 1st period - Shot Blocked by Gustav Forsling.
2:26 of 1st period - Shot by Filip Forsberg.
2:26 of 1st period - Shot Hit the Post.
2:28 of 1st period - Shot by Andreas Athanasiou.
2:28 of 1st period - Deflect By Ryan Johansen.
2:28 of 1st period - Stopped by Martin Jones without a rebound.
2:29 of 1st period - Ryan Johansen wins face-off versus Derek Stepan in LONG BEACH BARACUDAS zone.
2:44 of 1st period - Shot by Ryan Johansen.
2:44 of 1st period - Stopped by Martin Jones without a rebound.
2:45 of 1st period - Ryan Johansen wins face-off versus Nolan Patrick in LONG BEACH BARACUDAS zone.
3:14 of 1st period - Shot by Brock Nelson.
3:14 of 1st period - Stopped by Carey Price without a rebound.
3:15 of 1st period - Ryan Johansen wins face-off versus Nicklas Backstrom in CALGARY FIREMEN zone.
3:30 of 1st period - Icing by Alex Pietrangelo.
3:31 of 1st period - Nicklas Backstrom wins face-off versus Adam Henrique in LONG BEACH BARACUDAS zone.
4:57 of 1st period - Taylor Hall is hit by Jake McCabe and loses puck.
5:15 of 1st period - Gustav Forsling is hit by Jared Spurgeon.
5:21 of 1st period - Shot by Ryan Johansen.
5:21 of 1st period - Shot Misses the Net.
6:43 of 1st period - Shot by Seth Jarvis.
6:43 of 1st period - Deflect By Brock Nelson.
6:43 of 1st period - Stopped by Carey Price without a rebound.
6:44 of 1st period - Nicklas Backstrom wins face-off versus Brett Howden in CALGARY FIREMEN zone.
7:12 of 1st period - Shot by Robert Fabbri.
7:12 of 1st period - Deflect By Brock McGinn.
7:12 of 1st period - Goal by Brock McGinn - LONG BEACH BARACUDAS : 2 - CALGARY FIREMEN : 0.
7:13 of 1st period - William Karlsson wins face-off versus Jakob Silfverberg in neutral zone.
7:33 of 1st period - Shot by Filip Forsberg.
7:33 of 1st period - Deflect By Ryan Johansen.
7:33 of 1st period - Stopped by Martin Jones without a rebound.
7:34 of 1st period - Brock Nelson wins face-off versus Adam Henrique in LONG BEACH BARACUDAS zone.
7:59 of 1st period - Shot by Brock Nelson.
7:59 of 1st period - Shot Misses the Net.
8:14 of 1st period - Taylor Hall is hit by Andreas Athanasiou and loses puck.
9:11 of 1st period - Shot by Craig Smith.
9:11 of 1st period - Shot Hit the Post.
9:37 of 1st period - Shot by William Karlsson.
9:37 of 1st period - Shot Misses the Net.
9:40 of 1st period - Minor Penalty to Arthur Kaliyev for Slashing.
9:41 of 1st period - Adam Henrique wins face-off versus Derek Stepan in LONG BEACH BARACUDAS zone.
12:04 of 1st period - Off-side.
12:05 of 1st period - Oskar Lindblom wins face-off versus William Karlsson in neutral zone.
12:40 of 1st period - Icing by Gustav Forsling.
12:41 of 1st period - Brett Howden wins face-off versus Brock Nelson in CALGARY FIREMEN zone.
13:51 of 1st period - Shot by Nicklas Backstrom.
13:51 of 1st period - Goal by Nicklas Backstrom - LONG BEACH BARACUDAS : 3 - CALGARY FIREMEN : 0.
13:52 of 1st period - Ryan Johansen wins face-off versus William Karlsson in neutral zone.
13:56 of 1st period - Off-side.
13:57 of 1st period - Nicklas Backstrom wins face-off versus Ryan Johansen in neutral zone.
13:57 of 1st period - Robert Fabbri is hit by Jakob Silfverberg and loses puck.
14:12 of 1st period - Shot by Brock McGinn.
14:12 of 1st period - Stopped by Carey Price without a rebound.
14:13 of 1st period - Jack Drury wins face-off versus William Karlsson in CALGARY FIREMEN zone.
14:15 of 1st period - Icing by Mattias Janmark-Nylen.
14:16 of 1st period - Jack Drury wins face-off versus William Karlsson in CALGARY FIREMEN zone.
15:06 of 1st period - Minor Penalty to Robert Fabbri for Roughing.
15:07 of 1st period - Ryan Johansen wins face-off versus Taylor Hall in LONG BEACH BARACUDAS zone.
15:14 of 1st period - Shot by Ryan Johansen.
15:14 of 1st period - Shot Misses the Net.
17:27 of 1st period - Shot by Sam Gagner.
17:27 of 1st period - Shot Misses the Net.
17:30 of 1st period - Minor Penalty to Jack Drury for Interference.
17:31 of 1st period - Brett Howden wins face-off versus Brock Nelson in CALGARY FIREMEN zone.
17:52 of 1st period - Shot by Nicklas Backstrom.
17:52 of 1st period - Stopped by Carey Price with a rebound.
19:11 of 1st period - Icing by William Karlsson.
19:12 of 1st period - William Karlsson wins face-off versus Oskar Lindblom in LONG BEACH BARACUDAS zone.
19:14 of 1st period - Icing by Taylor Hall.
19:15 of 1st period - William Karlsson wins face-off versus Oskar Lindblom in LONG BEACH BARACUDAS zone.
19:15 of 1st period - William Karlsson is hit by Oskar Lindblom.
19:52 of 1st period - Shot by Derek Stepan.
19:52 of 1st period - Stopped by Carey Price with a rebound.
19:54 of 1st period - Shot by Derek Stepan.
19:54 of 1st period - Goal by Derek Stepan - LONG BEACH BARACUDAS : 4 - CALGARY FIREMEN : 0.
19:54 of 1st period - Vitek Vanecek enters game.
19:55 of 1st period - Sam Gagner wins face-off versus Brock Nelson in neutral zone.
Goals for this period are 4 for LONG BEACH BARACUDAS vs 0 for CALGARY FIREMEN.
Shots for this period are 11 for LONG BEACH BARACUDAS vs 4 for CALGARY FIREMEN.

2nd period


0:01 of 2nd period - Ryan Johansen wins face-off versus William Karlsson in neutral zone.
0:20 of 2nd period - Shot by William Karlsson.
0:20 of 2nd period - Stopped by Vitek Vanecek without a rebound.
0:21 of 2nd period - Brock Nelson wins face-off versus Adam Henrique in CALGARY FIREMEN zone.
0:41 of 2nd period - Icing by Alex Goligoski.
0:42 of 2nd period - William Karlsson wins face-off versus Adam Henrique in CALGARY FIREMEN zone.
1:13 of 2nd period - Shot by William Karlsson.
1:13 of 2nd period - Stopped by Vitek Vanecek without a rebound.
1:14 of 2nd period - Brock Nelson wins face-off versus Ryan Johansen in CALGARY FIREMEN zone.
1:43 of 2nd period - Shot by Taylor Hall.
1:43 of 2nd period - Stopped by Vitek Vanecek with a rebound.
1:58 of 2nd period - Jakob Silfverberg is hit by Jared Spurgeon and loses puck.
2:02 of 2nd period - Jakob Silfverberg is hit by Mitch Reinke and loses puck.
2:47 of 2nd period - Shot by Mattias Janmark-Nylen.
2:47 of 2nd period - Shot Misses the Net.
3:43 of 2nd period - Icing by William Karlsson.
3:44 of 2nd period - Ryan Johansen wins face-off versus William Karlsson in LONG BEACH BARACUDAS zone.
3:45 of 2nd period - Shot by Filip Forsberg.
3:45 of 2nd period - Shot Blocked by P.K. Subban.
3:47 of 2nd period - Shot by Jake McCabe.
3:47 of 2nd period - Stopped by Martin Jones without a rebound.
3:48 of 2nd period - Ryan Johansen wins face-off versus Derek Stepan in LONG BEACH BARACUDAS zone.
4:03 of 2nd period - Shot by Derek Stepan.
4:03 of 2nd period - Shot Misses the Net.
4:05 of 2nd period - Shot by Derek Stepan.
4:05 of 2nd period - Stopped by Vitek Vanecek without a rebound.
4:06 of 2nd period - Brock Nelson wins face-off versus Jack Drury in CALGARY FIREMEN zone.
5:12 of 2nd period - Robert Fabbri is hit by Gustav Forsling and loses puck.
5:19 of 2nd period - Nicklas Backstrom is hit by Filip Forsberg and loses puck.
5:33 of 2nd period - Shot by Filip Forsberg.
5:33 of 2nd period - Stopped by Martin Jones with a rebound.
5:35 of 2nd period - Shot by Jake McCabe.
5:35 of 2nd period - Goal by Jake McCabe - LONG BEACH BARACUDAS : 4 - CALGARY FIREMEN : 1.
5:36 of 2nd period - Adam Henrique wins face-off versus Craig Smith in neutral zone.
6:00 of 2nd period - Shot by Arthur Kaliyev.
6:00 of 2nd period - Shot Blocked by Adam Henrique.
6:02 of 2nd period - Shot by William Karlsson.
6:02 of 2nd period - Stopped by Vitek Vanecek without a rebound.
6:03 of 2nd period - Derek Stepan wins face-off versus Jack Drury in CALGARY FIREMEN zone.
6:14 of 2nd period - Shot by Derek Stepan.
6:14 of 2nd period - Stopped by Vitek Vanecek without a rebound.
6:15 of 2nd period - Ryan Johansen wins face-off versus Brock Nelson in CALGARY FIREMEN zone.
6:15 of 2nd period - Ryan Johansen is hit by Taylor Hall.
6:47 of 2nd period - Gustav Forsling is hit by Seth Jarvis and loses puck.
6:53 of 2nd period - Minor Penalty to Jake McCabe for Hooking.
6:54 of 2nd period - William Karlsson wins face-off versus Brett Howden in CALGARY FIREMEN zone.
8:24 of 2nd period - Shot by Nicklas Backstrom.
8:24 of 2nd period - Shot Misses the Net.
8:26 of 2nd period - Shot by Alex Pietrangelo.
8:26 of 2nd period - Shot Misses the Net.
8:28 of 2nd period - Shot by Alex Pietrangelo.
8:28 of 2nd period - Deflect By Brock Nelson.
8:28 of 2nd period - Shot Misses the Net.
9:23 of 2nd period - Off-side.
9:24 of 2nd period - William Karlsson wins face-off versus Brett Howden in neutral zone.
9:28 of 2nd period - Craig Smith is hit by Shayne Gostisbehere and loses puck.
9:34 of 2nd period - Shayne Gostisbehere is hit by Derrick Pouliot.
9:52 of 2nd period - Shot by Shayne Gostisbehere.
9:52 of 2nd period - Stopped by Martin Jones without a rebound.
9:53 of 2nd period - Adam Henrique wins face-off versus Brock Nelson in LONG BEACH BARACUDAS zone.
11:07 of 2nd period - Shot by Ryan Johansen.
11:07 of 2nd period - Stopped by Martin Jones without a rebound.
11:08 of 2nd period - Nicklas Backstrom wins face-off versus Jack Drury in LONG BEACH BARACUDAS zone.
11:08 of 2nd period - Nicklas Backstrom is hit by Jack Drury.
11:18 of 2nd period - Shot by Alex Pietrangelo.
11:18 of 2nd period - Stopped by Vitek Vanecek without a rebound.
11:19 of 2nd period - Ryan Johansen wins face-off versus William Karlsson in CALGARY FIREMEN zone.
11:56 of 2nd period - Shot by Jakob Silfverberg.
11:56 of 2nd period - Shot Misses the Net.
11:58 of 2nd period - Shot by Ryan Johansen.
11:58 of 2nd period - Deflect By Filip Forsberg.
11:58 of 2nd period - Shot Misses the Net.
12:00 of 2nd period - Shot by Filip Forsberg.
12:00 of 2nd period - Stopped by Martin Jones without a rebound.
12:01 of 2nd period - Adam Henrique wins face-off versus Robert Fabbri in LONG BEACH BARACUDAS zone.
13:01 of 2nd period - Shot by Jack Drury.
13:01 of 2nd period - Shot Misses the Net.
13:03 of 2nd period - Shot by Gustav Lindstrom.
13:03 of 2nd period - Stopped by Martin Jones with a rebound.
13:05 of 2nd period - Shot by Jack Drury.
13:05 of 2nd period - Stopped by Martin Jones without a rebound.
13:06 of 2nd period - Brock Nelson wins face-off versus Ryan Johansen in LONG BEACH BARACUDAS zone.
13:24 of 2nd period - Shot by Filip Forsberg.
13:24 of 2nd period - Stopped by Martin Jones with a rebound.
13:26 of 2nd period - Shot by Filip Forsberg.
13:26 of 2nd period - Shot Misses the Net.
13:28 of 2nd period - Shot by Filip Forsberg.
13:28 of 2nd period - Stopped by Martin Jones with a rebound.
14:08 of 2nd period - Shot by Jack Drury.
14:08 of 2nd period - Stopped by Martin Jones with a rebound.
14:12 of 2nd period - Shot by Mattias Janmark-Nylen.
14:12 of 2nd period - Shot Misses the Net.
14:55 of 2nd period - Shot by William Karlsson.
14:55 of 2nd period - Stopped by Vitek Vanecek without a rebound.
14:56 of 2nd period - Nicklas Backstrom wins face-off versus Brett Howden in CALGARY FIREMEN zone.
15:20 of 2nd period - Icing by Ryan Murray.
15:21 of 2nd period - Nicklas Backstrom wins face-off versus Ryan Johansen in LONG BEACH BARACUDAS zone.
15:33 of 2nd period - Off-side.
15:34 of 2nd period - Adam Henrique wins face-off versus William Karlsson in neutral zone.
15:48 of 2nd period - Off-side.
15:49 of 2nd period - Boris Katchouk wins face-off versus Ryan Johansen in neutral zone.
16:14 of 2nd period - Shot by Jakob Silfverberg.
16:14 of 2nd period - Shot Misses the Net.
16:24 of 2nd period - Shot by Derek Stepan.
16:24 of 2nd period - Shot Blocked by Jake McCabe.
16:26 of 2nd period - Shot by Jared Spurgeon.
16:26 of 2nd period - Stopped by Vitek Vanecek with a rebound.
16:50 of 2nd period - Shot by Arthur Kaliyev.
16:50 of 2nd period - Shot Hit the Post.
16:52 of 2nd period - Shot by Arthur Kaliyev.
16:52 of 2nd period - Shot Blocked by Jakob Silfverberg.
16:54 of 2nd period - Shot by William Karlsson.
16:54 of 2nd period - Shot Misses the Net.
16:56 of 2nd period - Shot by Craig Smith.
16:56 of 2nd period - Shot Misses the Net.
17:08 of 2nd period - Shot by William Karlsson.
17:08 of 2nd period - Stopped by Vitek Vanecek without a rebound.
17:09 of 2nd period - Adam Henrique wins face-off versus Brock Nelson in CALGARY FIREMEN zone.
17:29 of 2nd period - Icing by Shayne Gostisbehere.
17:30 of 2nd period - Nicklas Backstrom wins face-off versus Adam Henrique in CALGARY FIREMEN zone.
17:33 of 2nd period - Shot by Robert Fabbri.
17:33 of 2nd period - Shot Misses the Net.
17:39 of 2nd period - Jared Spurgeon is hit by Adam Henrique and loses puck.
18:31 of 2nd period - Off-side.
18:32 of 2nd period - Brock Nelson wins face-off versus Jack Drury in neutral zone.
19:29 of 2nd period - Icing by Marc-Edouard Vlasic.
19:30 of 2nd period - Nicklas Backstrom wins face-off versus Jack Drury in CALGARY FIREMEN zone.
Goals for this period are 0 for LONG BEACH BARACUDAS vs 1 for CALGARY FIREMEN.
Shots for this period are 10 for LONG BEACH BARACUDAS vs 11 for CALGARY FIREMEN.

3rd period


0:01 of 3rd period - Ryan Johansen wins face-off versus Craig Smith in neutral zone.
0:04 of 3rd period - Shot by Filip Forsberg.
0:04 of 3rd period - Shot Misses the Net.
0:11 of 3rd period - Off-side.
0:12 of 3rd period - Brock Nelson wins face-off versus Adam Henrique in neutral zone.
1:48 of 3rd period - Shot by Ryan Johansen.
1:48 of 3rd period - Deflect By Filip Forsberg.
1:48 of 3rd period - Shot Misses the Net.
2:03 of 3rd period - Icing by Gustav Lindstrom.
2:04 of 3rd period - Jack Drury wins face-off versus Craig Smith in CALGARY FIREMEN zone.
2:27 of 3rd period - Shot by Arthur Kaliyev.
2:27 of 3rd period - Goal by Arthur Kaliyev - LONG BEACH BARACUDAS : 5 - CALGARY FIREMEN : 1.
2:28 of 3rd period - Adam Henrique wins face-off versus Nicklas Backstrom in neutral zone.
2:59 of 3rd period - Shot by Andreas Athanasiou.
2:59 of 3rd period - Shot Misses the Net.
3:35 of 3rd period - Icing by Gustav Forsling.
3:36 of 3rd period - William Karlsson wins face-off versus Jakob Silfverberg in CALGARY FIREMEN zone.
4:08 of 3rd period - Shot by Filip Forsberg.
4:08 of 3rd period - Stopped by Martin Jones without a rebound.
4:09 of 3rd period - Derek Stepan wins face-off versus Jack Drury in LONG BEACH BARACUDAS zone.
4:11 of 3rd period - Icing by Robert Fabbri.
4:12 of 3rd period - Derek Stepan wins face-off versus Jack Drury in LONG BEACH BARACUDAS zone.
4:14 of 3rd period - Icing by Robert Fabbri.
4:15 of 3rd period - Derek Stepan wins face-off versus Jack Drury in LONG BEACH BARACUDAS zone.
4:15 of 3rd period - Derek Stepan is hit by Jack Drury.
5:50 of 3rd period - Shot by Ryan Johansen.
5:50 of 3rd period - Stopped by Martin Jones without a rebound.
5:51 of 3rd period - Brock Nelson wins face-off versus Andreas Athanasiou in LONG BEACH BARACUDAS zone.
5:51 of 3rd period - Brock Nelson is hit by Adam Henrique.
7:11 of 3rd period - Shot by William Karlsson.
7:11 of 3rd period - Shot Misses the Net.
7:43 of 3rd period - Shot by Filip Forsberg.
7:43 of 3rd period - Shot Misses the Net.
7:47 of 3rd period - Shot by Filip Forsberg.
7:47 of 3rd period - Shot Misses the Net.
7:49 of 3rd period - Shot by Jakob Silfverberg.
7:49 of 3rd period - Goal by Jakob Silfverberg - LONG BEACH BARACUDAS : 5 - CALGARY FIREMEN : 2.
7:50 of 3rd period - Nicklas Backstrom wins face-off versus Mattias Janmark-Nylen in neutral zone.
8:01 of 3rd period - Jake McCabe is hit by Brock McGinn.
9:13 of 3rd period - Shot by Taylor Hall.
9:13 of 3rd period - Stopped by Vitek Vanecek with a rebound.
9:29 of 3rd period - Shot by Seth Jarvis.
9:29 of 3rd period - Deflect By Brock Nelson.
9:29 of 3rd period - Shot Blocked by Brett Howden.
9:47 of 3rd period - Shot by William Karlsson.
9:47 of 3rd period - Shot Misses the Net.
9:49 of 3rd period - Shot by Arthur Kaliyev.
9:49 of 3rd period - Stopped by Vitek Vanecek without a rebound.
9:50 of 3rd period - Derek Stepan wins face-off versus Ryan Johansen in CALGARY FIREMEN zone.
10:03 of 3rd period - Shot by Derek Stepan.
10:03 of 3rd period - Stopped by Vitek Vanecek with a rebound.
10:05 of 3rd period - Shot by Ryan Murray.
10:05 of 3rd period - Shot Misses the Net.
10:07 of 3rd period - Shot by Derek Stepan.
10:07 of 3rd period - Shot Misses the Net.
10:09 of 3rd period - Shot by Alex Pietrangelo.
10:09 of 3rd period - Shot Misses the Net.
10:11 of 3rd period - Shot by Derek Stepan.
10:11 of 3rd period - Stopped by Vitek Vanecek with a rebound.
10:13 of 3rd period - Shot by Derek Stepan.
10:13 of 3rd period - Stopped by Vitek Vanecek without a rebound.
10:14 of 3rd period - Adam Henrique wins face-off versus William Karlsson in CALGARY FIREMEN zone.
10:51 of 3rd period - Shot by William Karlsson.
10:51 of 3rd period - Shot Misses the Net.
11:11 of 3rd period - Taylor Hall is hit by Andreas Athanasiou and loses puck.
11:44 of 3rd period - Shot by Filip Forsberg.
11:44 of 3rd period - Deflect By Ryan Johansen.
11:44 of 3rd period - Stopped by Martin Jones with a rebound.
11:52 of 3rd period - Shot by Jakob Silfverberg.
11:52 of 3rd period - Stopped by Martin Jones without a rebound.
11:53 of 3rd period - Jack Drury wins face-off versus Nicklas Backstrom in LONG BEACH BARACUDAS zone.
13:14 of 3rd period - Shot by Oskar Lindblom.
13:14 of 3rd period - Stopped by Martin Jones without a rebound.
13:15 of 3rd period - William Karlsson wins face-off versus Ryan Johansen in LONG BEACH BARACUDAS zone.
13:15 of 3rd period - William Karlsson is hit by Filip Forsberg.
13:22 of 3rd period - Jake McCabe is hit by Mitch Reinke and loses puck.
14:35 of 3rd period - Alex Goligoski is hit by P.K. Subban and loses puck.
14:54 of 3rd period - Shot by Taylor Hall.
14:54 of 3rd period - Stopped by Vitek Vanecek without a rebound.
14:55 of 3rd period - Derek Stepan wins face-off versus Jack Drury in CALGARY FIREMEN zone.
14:58 of 3rd period - Shot by Robert Fabbri.
14:58 of 3rd period - Shot Misses the Net.
15:19 of 3rd period - Icing by Alex Pietrangelo.
15:20 of 3rd period - Ryan Johansen wins face-off versus Derek Stepan in LONG BEACH BARACUDAS zone.
15:26 of 3rd period - Icing by Alex Pietrangelo.
15:27 of 3rd period - Ryan Johansen wins face-off versus Derek Stepan in LONG BEACH BARACUDAS zone.
15:30 of 3rd period - Shot by Filip Forsberg.
15:30 of 3rd period - Stopped by Martin Jones without a rebound.
15:31 of 3rd period - Brock Nelson wins face-off versus Adam Henrique in LONG BEACH BARACUDAS zone.
15:46 of 3rd period - Shot by Taylor Hall.
15:46 of 3rd period - Shot Misses the Net.
15:49 of 3rd period - Icing by Sonny Milano.
15:50 of 3rd period - William Karlsson wins face-off versus Adam Henrique in CALGARY FIREMEN zone.
15:58 of 3rd period - Shot by Craig Smith.
15:58 of 3rd period - Stopped by Vitek Vanecek without a rebound.
15:59 of 3rd period - Ryan Johansen wins face-off versus Brock Nelson in CALGARY FIREMEN zone.
16:23 of 3rd period - Shot by Brock Nelson.
16:23 of 3rd period - Shot Misses the Net.
16:25 of 3rd period - Shot by Taylor Hall.
16:25 of 3rd period - Stopped by Vitek Vanecek with a rebound.
16:27 of 3rd period - Shot by Brock Nelson.
16:27 of 3rd period - Goal by Brock Nelson - LONG BEACH BARACUDAS : 6 - CALGARY FIREMEN : 2.
16:28 of 3rd period - Adam Henrique wins face-off versus William Karlsson in neutral zone.
16:31 of 3rd period - Shot by Andreas Athanasiou.
16:31 of 3rd period - Goal by Andreas Athanasiou - LONG BEACH BARACUDAS : 6 - CALGARY FIREMEN : 3.
16:32 of 3rd period - William Karlsson wins face-off versus Adam Henrique in neutral zone.
16:49 of 3rd period - Alex Pietrangelo is hit by Adam Henrique and loses puck.
17:41 of 3rd period - Shot by Taylor Hall.
17:41 of 3rd period - Shot Misses the Net.
17:43 of 3rd period - Shot by Seth Jarvis.
17:43 of 3rd period - Stopped by Vitek Vanecek without a rebound.
17:44 of 3rd period - Sam Gagner wins face-off versus Nicklas Backstrom in CALGARY FIREMEN zone.
17:44 of 3rd period - Sam Gagner is hit by Robert Fabbri.
17:56 of 3rd period - Shot by Sam Gagner.
17:56 of 3rd period - Stopped by Martin Jones without a rebound.
17:57 of 3rd period - Brock Nelson wins face-off versus Ryan Johansen in LONG BEACH BARACUDAS zone.
17:57 of 3rd period - Brock Nelson is hit by Filip Forsberg.
18:11 of 3rd period - Icing by Alex Goligoski.
18:12 of 3rd period - Ryan Johansen wins face-off versus Nicklas Backstrom in CALGARY FIREMEN zone.
18:12 of 3rd period - Ryan Johansen is hit by Brock McGinn.
18:27 of 3rd period - Icing by P.K. Subban.
18:28 of 3rd period - Jack Drury wins face-off versus Brock McGinn in LONG BEACH BARACUDAS zone.
18:29 of 3rd period - Shot by Sam Gagner.
18:29 of 3rd period - Stopped by Martin Jones without a rebound.
18:30 of 3rd period - William Karlsson wins face-off versus Jack Drury in LONG BEACH BARACUDAS zone.
19:34 of 3rd period - Jared Spurgeon is hit by Gustav Lindstrom and loses puck.
19:55 of 3rd period - Shot by Taylor Hall.
19:55 of 3rd period - Stopped by Vitek Vanecek without a rebound.
19:56 of 3rd period - Adam Henrique wins face-off versus Robert Fabbri in CALGARY FIREMEN zone.
Goals for this period are 2 for LONG BEACH BARACUDAS vs 2 for CALGARY FIREMEN.
Shots for this period are 12 for LONG BEACH BARACUDAS vs 10 for CALGARY FIREMEN.


DARCY
KUEMPER
JAKE
OETTINGER
NINO
NIEDERREITER

EAST COAST

HOCKEY LEAGUE

  • 1.CHI2QUE4
  • 2.LIM2CHA3
  • 3.LON3TRV5
  • 4.BAL5CHW6
  • 5.MANPIT
  • 6.NHWATL
  • 7.PETWOR
  • 8.RHI